Unix NetHack Version 5.0.0-0 post-release - last build May 31 2026 23:59:36 (970b52f25bf058293b47ddfd14a1e40e571c508c,branch:main).

Game began 2026-06-07 00:33:57, ended 2026-06-07 00:54:15.

Drastanta, neutral male human Barbarian

                                                   [).....|
                                                  .S.%....-
                                                 ...@.%.[..
                                                 .)G..)*)..
                                                 ..--.--.--
                                                 ------
Drastanta the Bandit       St:18/02 Dx:16 Co:18 In:7 Wi:7 Ch:8  Neutral
Dlvl:6  $:244 HP:0(63) Pw:12(12) AC:4  Xp:6 T:2510 

Latest messages:
 You kill the gnome king!
 The hobbit misses!
 The gnome swings his aklys.
 The gnome misses!
 You miss the hobbit.
 The hobbit hits!
 The gnome hits!
 You kill the hobbit!
 The gnome hits!
 The crossbow bolt hits the gnome.
 The gnome is killed!
 You are hit by a crossbow bolt.
 You feel more confident in your weapon skills.
 (Tip: use the #enhance command to advance them.)
 You kill the gnome!
 You see here a gnome corpse.
 You hear an E flat squeak nearby.
 You hear an E flat squeak nearby.
 You are hit by a crossbow bolt.
 You are hit by a crossbow bolt.
 The gnome swings her crossbow.
 The gnome hits!
 You kill the gnome!
 You see here a crossbow.
 You kill the dwarf!
 There are several objects here.
 F - a dwarvish iron helm.
 G - a fizzy potion.
 You see here a crossbow.
 You kill the gnome!
 You hear an E flat squeak nearby.
 You see here a black gem.
 The dwarf swings his dwarvish mattock.
 The dwarf hits!
 You are hit by an arrow!
 You kill the dwarf!
 There are several objects here.
 H - an aklys.
 I - a pair of buckled boots.
 A snake was hidden under a gnome king corpse!
 The snake bites!
 The gnome wields a rusty dagger!
 You miss the snake.
 The snake bites!
 The gnome thrusts his dagger.
 The gnome just misses!
 The snake bites!
 You die...
 Do you want your possessions identified? [ynq] (y) y
 Do you want to see your attributes? [ynq] (y) q

Inventory:
 Coins    ('$')
  $ - 244 gold pieces
 Weapons  (')')
  H - a +1 aklys
  b - a +0 axe (alternate weapon; not wielded)
  a - a +0 two-handed sword (weapon in hands)
 Armor    ('[')
  F - a blessed +0 dwarvish iron helm
  v - a blessed +0 pair of iron shoes
  z - an uncursed +0 pair of iron shoes
  I - an uncursed +2 pair of speed boots
  s - an uncursed +0 cloak of protection (being worn)
  c - an uncursed +0 ring mail (being worn)
 Comestibles  ('%')
  h - an uncursed clove of garlic
  d - an uncursed partly eaten food ration
  r - a cursed tripe ration
 Scrolls  ('?')
  f - a blessed scroll of identify
  x - an uncursed scroll of identify
 Spellbooks  ('+')
  k - an uncursed spellbook of polymorph
 Potions  ('!')
  m - an uncursed potion of blindness
  p - a cursed potion of gain energy
  j - an uncursed potion of gain level
  B - a blessed potion of hallucination
  g - 2 blessed potions of healing
  y - an uncursed potion of healing
  G - a cursed potion of levitation
  w - an uncursed potion of oil
 Rings    ('=')
  i - an uncursed ring of polymorph control
 Wands    ('/')
  C - a blessed wand of digging (0:5)
  n - a wand of magic missile (0:7)
  D - a wand of striking (0:3)
 Tools    ('(')
  A - an uncursed lock pick
  e - an uncursed oil lamp
 Gems/Stones  ('*')
  o - an uncursed obsidian stone

Drastanta the Barbarian's attributes:

Background:
 You were a Bandit, a level 6 male human Barbarian.
 You were neutral, on a mission for Crom
 who was opposed by Mitra (lawful) and Set (chaotic).
 You were right-handed.
 You were in the Gnomish Mines, on level 6.
 You entered the dungeon 2510 turns ago.
 It was the midnight hour.
 You had 464 experience points, 176 more were needed to attain level 7.

Basics:
 You had 0 out of 63 hit points.
 You had all 12 energy points (spell power).
 Your armor class was 4.
 Your wallet contained 244 zorkmids.
 Autopickup was on for '$' plus thrown.

Final Characteristics:
 Your strength was 18/02 (limit:18/100).
 Your dexterity was 16 (limit:18).
 Your constitution was 18 (limit:18).
 Your intelligence was 7 (limit:18).
 Your wisdom was 7 (limit:18).
 Your charisma was 8 (limit:18).

Final Status:
 You weren't hungry.
 You were unencumbered.
 You were wielding a two-handed sword.
 You had basic skill with two-handed sword and could have enhanced that.

Final Attributes:
 You were piously aligned.
 You were poison resistant.
 You were protected.
 You are dead.

Miscellaneous:
 You didn't encounter any bones levels.
 Total elapsed playing time was 20 minutes and 16 seconds.

Major events:
 Turn
    1: Drastanta the neutral male human Barbarian entered the dungeon
 1417: attained the rank of Pillager (level 3)
 1583: entered the Gnomish Mines
 2157: attained the rank of Bandit (level 6)
 2510: killed by a snake

You didn't know any spells.

Skills:
 Fighting Skills
   bare handed combat [Basic]
   two weapon combat  [Unskilled]
   riding             [Unskilled]
 Weapon Skills
   dagger             [Unskilled]
   axe                [Basic]
   pick-axe           [Unskilled]
   short sword        [Unskilled]
   broadsword         [Unskilled]
   long sword         [Unskilled]
   two-handed sword   [Basic]
   saber              [Unskilled]
   club               [Unskilled]
   mace               [Unskilled]
   morning star       [Unskilled]
   flail              [Unskilled]
   hammer             [Unskilled]
   quarterstaff       [Unskilled]
   spear              [Unskilled]
   trident            [Unskilled]
   bow                [Unskilled]
 Spellcasting Skills
   attack spells      [Unskilled]
   escape spells      [Unskilled]

Voluntary challenges:
 Character rerolling was not enabled.
 You were illiterate.
 You never genocided any monsters.
 You never polymorphed an object.
 You never changed form.
 You used no wishes.
Achievements:
 You entered a shop.
 You attained the rank of Pillager.
 You entered the Gnomish Mines.
 You attained the rank of Bandit.

 The Dungeons of Doom: levels 1 to 5
    Level 1:
       Some altars, some fountains.
    Level 2:
       A general store.
    Level 3:
    Level 4:
       An altar.
       Stairs down to The Gnomish Mines.
    Level 5:
 The Gnomish Mines: levels 5 to 6
    Level 5:
    Level 6: <- You were here.
       Final resting place for
          you, killed by a snake.


Vanquished creatures:
  a gnome ruler
  a dingo
  a water nymph
  9 Uruk-hai
  a rock piercer
  a rock mole
  a shrieker
  2 gnome leaders
 an elf zombie
  a little dog
  a kitten
  4 dwarves
  a homunculus
  a werejackal
  a hobbit
  2 giant rats
  2 yellow molds
  a red mold
 14 gnomes
  3 geckos
  6 jackals
  a kobold
  2 sewer rats
  3 grid bugs
  a lichen
  4 newts
66 creatures vanquished.

No species were genocided or became extinct.

Game over:
                       ----------
                      /          \
                     /    REST    \
                    /      IN      \
                   /     PEACE      \
                  /                  \
                  |    Drastanta     |
                  |      244 Au      |
                  |   killed by a    |
                  |      snake       |
                  |                  |
                  |                  |
                  |       2026       |
                 *|     *  *  *      | *
        _________)/\\_//(\/(/\)/\//\/|_)_______

Goodbye Drastanta the Barbarian...

You died in The Gnomish Mines on dungeon level 6 with 2326 points,
and 244 pieces of gold, after 2510 moves.
You were level 6 with a maximum of 63 hit points when you died.

